 Dungeon Crawl Stone Soup version 0.23-a0-767-gdc19b93 (webtiles) character file.

2662 nono the Skirmisher (level 9, -2/80 HPs)
             Began as a Ghoul Fighter on Jan 19, 2019.
             Was a Follower of Okawaru.
             Slain by a shadow (27 damage)
             ... on level 8 of the Dungeon.
             The game lasted 00:19:46 (6177 turns).

nono the Skirmisher (Ghoul Fighter)                 Turns: 6177, Time: 00:19:47

Health: -2/80      AC: 16    Str: 20    XL:     9   Next: 63%
Magic:  6/8        EV: 12    Int:  6    God:    Okawaru [*.....]
Gold:   379        SH: 13    Dex: 12    Spells: 8/8 levels left

rFire    . . .     SeeInvis .     - Unarmed
rCold    + . .     Gourm    .   b - +0 shield
rNeg     + + +     Faith    .   c - +4 scale mail of the Equinox {Dex+4}
rPois    ∞         Spirit   .   p - +0 helmet
rElec    .         Reflect  .   y - scarf {cloud immunity}
rCorr    .         Harm     .   (no gloves)
MR       .....                  z - +0 pair of boots
Stlth    +.........             (no amulet)
HPRegen  0.00/turn              (no ring)
MPRegen  0.11/turn              (no ring)

@: heroism, rotting, studying Shields
A: rotting body, claws 1, carnivore, cold resistance 1, negative energy
resistance 3, inhibited regeneration, torment resistance, unbreathing
a: Heroism, Renounce Religion


You were on level 8 of the Dungeon.
You worshipped Okawaru.
Okawaru was aware of your devotion.
You were not hungry.

You visited 2 branches of the dungeon, and saw 9 of its levels.

You collected 379 gold pieces.

Inventory:

Hand Weapons
 i - the +10 dark maul {crush}
   (You found it on level 5 of the Dungeon)

   It inflicts extra damage upon your enemies.
 j - a +2 dagger of venom
Armour
 a - a +0 scale mail
 b - a +0 shield (worn)
 c - the +4 scale mail of the Equinox (worn) {Dex+4}
   (You took it off a gnoll sergeant on level 5 of the Dungeon)

   It affects your dexterity (+4).
 p - a +0 helmet (worn)
 w - a +0 plate armour
 y - a scarf of cloud immunity (worn)
 z - a +0 pair of boots (worn)
Jewellery
 u - an uncursed ring of ice
 D - an uncursed ring of stealth {unknown}
 F - a +3 ring of slaying {unknown}
Wands
 n - a wand of flame (34)
 x - a wand of polymorph (9)
 E - a wand of random effects (22)
Scrolls
 e - 11 scrolls of identify
 f - 2 scrolls of remove curse
 h - a scroll of noise {unknown}
 k - 4 scrolls of teleportation
 l - a scroll of random uselessness {unknown}
 m - 2 scrolls of blinking
 o - a scroll of enchant armour {unknown}
 q - a scroll of fog {unknown}
 v - 2 scrolls of fear {unknown}
 J - a scroll of enchant weapon {unknown}
Potions
 g - a potion of curing
 r - a potion of haste
 s - a potion of lignification
 t - 2 potions of agility {unknown}
 A - a potion of mutation {unknown}
 C - a potion of magic {unknown}
 G - 2 potions of heal wounds
 H - a potion of flight {unknown}
Books
 B - a manual of Shields
Comestibles
 d - 16 rations
 I - a chunk of flesh


   Skills:
 + Level 7.6(12.6) Fighting
 - Level 1.2(6.2) Maces & Flails
 + Level 6.5(11.5) Armour
 + Level 7.6(12.6) Shields
 + Level 7.2(12.2) Unarmed Combat


You had 8 spell levels left.
You didn't know any spells.
Your spell library contained the following spells:

 Spells                   Type           Power        Failure   Level  Hunger
 Sting                    Conj/Pois      #...         83%         1    ##.....
 Poisonous Vapours        Pois/Air       #.....       93%         2    ###....
 Sticks to Snakes         Tmut           #.......     93%         2    ###....
 Mephitic Cloud           Conj/Pois/Air  #.......     99%         3    ####...
 Olgreb's Toxic Radiance  Pois           #.......     100%        4    #####..
 Venom Bolt               Conj/Pois      #.........   100%        5    ######.
 Beastly Appendage        Tmut           Unusable     N/A         1    N/A
 Spider Form              Tmut/Pois      Unusable     N/A         3    N/A
 Ice Form                 Ice/Tmut       Unusable     N/A         4    N/A
 Blade Hands              Tmut           Unusable     N/A         5    N/A

Dungeon Overview and Level Annotations

Branches:
Dungeon (8/15)             Temple (1/1) D:6
   Lair: D:8-11

Altars:
Ashenzari
Cheibriados
Elyvilon
Fedhas
Gozag
Kikubaaqudgha
Makhleb
Nemelex Xobeh
Okawaru
Qazlal
Ru
Sif Muna
Trog
Uskayaw
Vehumet
Yredelemnul
Zin
The Shining One


Innate Abilities, Weirdness & Mutations

Your body is rotting away.
You thrive on raw meat.
You are immune to poison.
You have sharp fingernails.
You are carnivorous and can eat meat at any time.
Your flesh is cold resistant. (rC+)
You are immune to negative energy. (rN+++)
You do not regenerate when monsters are visible.
You are immune to unholy pain and torment.
You can survive without breathing.


Message History

a +0 flail; a gnoll corpse You gain the combat prowess of a mighty hero.
The shadow slips into darkness.
The shadow flickers and vanishes!
Deactivating autopickup; reactivate with Ctrl-A.
You completely miss something.
The shadow strikes at you from the darkness!
Reactivating autopickup.
You claw the shadow!
The shadow is heavily damaged.
The shadow hits you.
You scratch the shadow but do no damage.
The shadow is heavily damaged.
The shadow slips into darkness.
The shadow flickers and vanishes!
Deactivating autopickup; reactivate with Ctrl-A.
You claw something! You completely miss something.
The shadow strikes at you from the darkness!
You die...

#......
##......
.......##
.......# ..
...# . #.
..#
#...##.###.#
#...g{@.<#
.......###.#
....... #.#
......# ...
#..... #.##
#..... #.#
####. ... #.
...


You could see a gnoll.

Vanquished Creatures
  The ghost of Duffy the Chopper, an amateur NaFi (D:5)
  2 sky beasts
  A phantom (D:6)
  2 centaurs
  3 ogres (D:6)
  A bullfrog (D:6)
  3 gnoll sergeants (D:5)
  2 scorpions (D:7)
  9 wights
  3 howler monkeys
  A crimson imp (D:5)
  4 hounds
  2 orc wizards
  A gnoll shaman (D:5)
  2 centaur skeletons (D:6)
  3 jellies
  2 bullfrog skeletons
  5 iguanas
  3 worker ants
  A killer bee zombie (D:7)
  Robin (D:3)
  11 gnolls
  11 adders
  A shadow imp (D:7)
  An ooze (D:2)
  An adder zombie (D:6)
  2 adder skeletons
  3 worms
  2 dart slugs (D:1)
  4 leopard geckos
  13 orcs
  5 giant cockroaches
  15 goblins
  10 hobgoblins
  3 jackals (D:2)
  9 kobolds
  2 quokkas (D:5)
  3 ball pythons
  10 bats
  4 frilled lizards
  A jackal skeleton (D:4)
  A quokka zombie (D:7)
  6 rats
170 creatures vanquished.

Notes
Turn   | Place    | Note
-------+----------+-------------------------------------------
     0 | D:1      | nono the Ghoul Fighter began the quest for the Orb.
     0 | D:1      | Reached XP level 1. HP: 19/19 MP: 0/0
    64 | D:1      | Reached XP level 2. HP: 23/26 MP: 1/1
   432 | D:1      | Reached XP level 3. HP: 31/31 MP: 2/2
  1174 | D:2      | Reached XP level 4. HP: 38/40 MP: 3/3
  1820 | D:3      | Noticed Robin
  1861 | D:3      | Killed Robin
  1869 | D:3      | Reached XP level 5. HP: 30/46 MP: 4/4
  2113 | D:3      | You fall through a shaft!
  2202 | D:4      | Reached XP level 6. HP: 50/53 MP: 5/5
  2925 | D:5      | Entered Level 5 of the Dungeon
  2925 | D:5      | Noticed a sky beast
  2935 | D:5      | Killed a sky beast
  2989 | D:5      | Found the +10 dark maul {crush}
  3003 | D:5      | Reached skill level 5 in Fighting
  3054 | D:5      | Found a sparkling altar of Nemelex Xobeh.
  3066 | D:5      | Reached XP level 7. HP: 55/61 MP: 6/6
  3175 | D:5      | Reached skill level 1 in Maces & Flails
  3233 | D:5      | Identified the +4 scale mail of the Equinox {Dex+4}
  3245 | D:5      | Found a transporter.
  3245 | D:5      | Found a transporter.
  3281 | D:5      | HP: 2/61 [gnoll/+2 halberd of venom (4)]
  3341 | D:5      | Reached skill level 5 in Unarmed Combat
  3367 | D:5      | Noticed Duffy's ghost (amateur NaFi)
  3388 | D:5      | Killed Duffy's ghost
  3388 | D:5      | Reached skill level 5 in Armour
  3388 | D:5      | Reached XP level 8. HP: 41/70 MP: 7/7
  3518 | D:5      | Reached skill level 5 in Shields
  3987 | D:6      | Found an opulent altar of Gozag.
  3987 | D:6      | Found a radiant altar of Vehumet.
  4304 | D:6      | Found a staircase to the Ecumenical Temple.
  4330 | Temple   | Entered the Ecumenical Temple
  4382 | Temple   | Became a worshipper of Warmaster Okawaru
  4540 | D:6      | Reached XP level 9. HP: 35/78 MP: 8/8
  5133 | D:6      | Found a glowing golden altar of the Shining One.
  5205 | D:6      | Reached * piety under Okawaru
  5263 | D:6      | Found a stormy altar of Qazlal.
  5723 | D:7      | Found a blossoming altar of Fedhas.
  5801 | D:7      | Found an iron altar of Okawaru.
  6177 | D:8      | Slain by a shadow

Vault maps used:
D:1:      ncdulo_halloftheorcs
D:2:      first_ration, minmay_octomino_e4
D:3:      uniq_robin
D:5:      nicolae_overflow_crystal_walls, gammafunk_ghost_gnarly_gnolls
D:6:      tso_altar, kennysheep_mini_moat, grunt_temple_overflow_open,
          minmay_temple_entry_waves
D:7:      fedhas_altar_fruit_tree, okawaru_metal_pillars_1_2
D:8:      grunt_pizzeria
Temple:   nicolae_temple_hex_pool

Skill      XL: |  1  2  3  4  5  6  7  8  9 |
---------------+----------------------------+-----
Shields        | 3 4 6 7 |  7.6
Armour         | 3 4 5 6 |  6.5
Unarmed Combat | 3 4 5 6 7 |  7.2
Fighting       | 4 5 6 7 |  7.6
Maces & Flails | 1 |  1.2

Action                   |  1- 3 |  4- 6 |  7- 9 || total
-------------------------+-------+-------+-------++-------
Melee: Unarmed           |    34 |       |   351 ||   385
       Dagger            |    76 |   234 |    25 ||   335
       Maul              |       |     3 |    22 ||    25
Invok: Heroism           |       |       |     2 ||     2
  Use: Scroll            |       |     4 |       ||     4
       Potion            |       |       |     6 ||     6
  Eat: Chunk             |     8 |    18 |    33 ||    59
Armor: Scale mail        |    56 |   105 |    83 ||   244
       Plate armour      |       |     7 |    91 ||    98
Dodge: Dodged            |    32 |    39 |    76 ||   147
Block: Shield            |    55 |    81 |   155 ||   291

Table legend:
 A = Non-vault XP
 B = Vault XP
 C = Vault XP percentage of total XP
 D = Non-vault monster count
 E = Vault monster count
 F = Vault count percentage of total count
                 A         B        C        D         E       F
            +---------+---------+-------+---------+---------+-------
      Total |    3198 |     606 |  15.9 |     146 |      24 |  14.1
            +---------+---------+-------+---------+---------+-------
        D:1 |      38 |       0 |   0.0 |      19 |       0 |   0.0
        D:2 |      40 |      17 |  29.8 |      18 |       6 |  25.0
        D:3 |      53 |      30 |  36.1 |      22 |       9 |  29.0
        D:4 |     257 |       0 |   0.0 |      16 |       0 |   0.0
        D:5 |     606 |     559 |  48.0 |      24 |       9 |  27.3
        D:6 |    1348 |       0 |   0.0 |      23 |       0 |   0.0
        D:7 |     812 |       0 |   0.0 |      21 |       0 |   0.0
        D:8 |      44 |       0 |   0.0 |       3 |       0 |   0.0
            +---------+---------+-------+---------+---------+-------
